 Dungeon Sprint DCSS version 0.28-a0-21-gf74fda84f9 (webtiles) character file.

Game seed: 14159236329007342633

460 MisterAzrael the Basher (level 7, -1/57 HPs)
             Began as a Djinni Fire Elementalist on July 27, 2021.
             Was a Follower of Nemelex Xobeh.
             Slain by a white ugly thing (27 damage)
             ... in the Dungeon (Sprint V: "Ziggurat Sprint").
             The game lasted 00:02:20 (167 turns).

MisterAzrael the Basher (Djinni Fire Elementalist)   Turns: 167, Time: 00:02:21

Health: -1/57      AC:  2    Str:  9    XL:     7   Next: 28%
Gold:   0          EV: 12    Int: 29    God:    Nemelex Xobeh [*.....] SH:  0 Dex: 13

rFire   + + +      SeeInvis .   v - +7 great mace "Firestarter" {inner flame, rF++}
rCold   x . .      Faith    .   (shield currently unavailable)
rNeg    . . .      Spirit   .   a - +0 robe
rPois   ∞          Reflect  .   (no helmet)
rElec   .          Harm     .   (no cloak)
rCorr   .          Rampage  .   (no gloves)
Will    .....      NoTele   +   (boots unavailable)
Stlth   ++........              (no amulet)
HPRegen 0.19/turn               r - +6 ring of intelligence
MPRegen 0.00/turn               s - +6 ring of intelligence

@: mighty, flying, very slightly contaminated, invisible
A: sickness immunity, fire resistance 2, cold vulnerability 1, float, innate
caster, hp casting, extra vitality 1
a: Renounce Religion, Draw Escape, Draw Destruction, Draw Summoning


You were in the Dungeon.
You worshipped Nemelex Xobeh.
Nemelex Xobeh was aware of your devotion.
You visited 1 branch

Inventory:

Hand Weapons
 v - the +7 great mace "Firestarter" (weapon) {inner flame, rF++}
   (You found it in the Dungeon)

   It burns those it strikes, dealing additional fire damage.
   It fills those it strikes with an explosive inner flame.
   It grants immunity to clouds of flame.
   rF:        It greatly protects you from fire.
Armour
 a - a +0 robe (worn)
Jewellery
 p - a +6 ring of dexterity
 q - a +6 ring of dexterity
 r - a +6 ring of intelligence (left hand)
 s - a +6 ring of intelligence (right hand)
 t - a +6 ring of strength
 u - a +6 ring of strength
Wands
 m - a wand of mindburst (7)
 n - a wand of iceblast (5)
 o - a wand of acid (7) (quivered)
Potions
 b - 10 potions of curing
 c - 9 potions of heal wounds
 d - 6 potions of haste
 e - 3 potions of berserk rage
 g - 2 potions of brilliance
 h - a potion of invisibility
 i - 4 potions of resistance
 k - 5 potions of magic
 l - 4 potions of might


   Skills:
 + Level 6.7 Fighting
 * Level 8.1 Maces & Flails
 - Level 2.1 Dodging
 - Level 1.5 Stealth
 + Level 5.8 Spellcasting
 + Level 5.6 Invocations


You couldn't memorise any spells.
You knew the following spells:

 Your Spells              Type           Power      Damage    Failure   Level
a - Foxfire               Conj/Fire      100%       2x1d9     1%          1
b - Conjure Flame         Conj/Fire      42%        6-21      1%          3
c - Inner Flame           Hex/Fire       42%        N/A       1%          3
d - Sticky Flame          Conj/Fire      42%        2d6       5%          4
e - Fireball              Conj/Fire      21%        3d10      14%         5
f - Sandblast             Erth           84%        2d18      1%          1
g - Static Discharge      Conj/Air       42%        N/A       1%          2
h - Call Canine Familiar  Summ           42%        N/A       1%          3
Your spell library was empty.

Dungeon Overview and Level Annotations

Branches:
Dungeon (1/1)

Altars:
Ashenzari
Cheibriados
Dithmenos
Elyvilon
Fedhas
Gozag
Hepliaklqana
Kikubaaqudgha
Makhleb
Nemelex Xobeh
Okawaru
Qazlal
Ru
Sif Muna
Trog
Uskayaw
Vehumet
Wu Jian
Xom
Yredelemnul
Zin
The Shining One
Beogh
Jiyva
Lugonu

Annotations:
D 1 transporter


Innate Abilities, Weirdness & Mutations

You are immune to sickness and miasma.
You are immune to poison.
Your flesh is very heat resistant. (rF++)
You are vulnerable to cold. (rC-)
You float through the air rather than walking.
You learn spells naturally, not from books.
Your magical power is your life essence.
You have superior vitality. (+4 HP)


Message History

Your Invocations skill increases to level 4!
You have reached level 6!
Your experience leads to an increase in your attributes!
Your base attributes are Str 8, Int 17, Dex 13.
Increase (S)trength, (I)ntelligence, or (D)exterity?
You feel stronger.
You start resting.
HP restored.
You see here a +0 arbalest of freezing.
There is a transporter here.
Okay, then.
Welcome to arena 2.
You enter the transporter and appear at another place. 2 ugly things and a raiju come into view.
The white ugly thing gurgles horribly!
The raiju barks!
Nemelex will now gift you decks of power as you gain piety.
Found three items.
Found a transporter.
Okay, then.
You fade into invisibility!
You are very lightly contaminated with residual magic.
You feel very mighty all of a sudden.
The raiju bursts into living lightning!
The living lightning misses you.
The raiju blinks! x2
Okay, then.
Okay, then.
You bludgeon the raiju!! You burn the raiju!
You kill the raiju!
The raiju's shape twists and changes as it dies.
The white ugly thing punches you. The white ugly thing freezes you!!
You feel a terrible chill!
Ouch! That really hurt!
Your Maces & Flails skill increases to level 8!
Your Invocations skill increases to level 5!
You have reached level 7!
The power to cast Call Canine Familiar wells up from within.
Spell assigned to 'h'.
You feel much better. The white ugly thing punches you!
The white ugly thing freezes you!!
You feel a terrible chill!
You die...
Your body disappears without a glow.

▓▓▓▓▓▓▓▓▓▓▓▓▓
▓.8©8.▓.8©8.▓
▓.:}u.▓.....▓
▓.....▓.).).▓
▓.....▓.....▓
▓.....▓.....▓
▓..†u.▓..©..▓
▓..@..▓▓▓▓▓▓▓
▓▓▓▓▓▓▓


You could see 2 ugly things.

Vanquished Creatures
  A raiju (shapeshifter) (D)
  2 fire elementals (D)
3 creatures vanquished.

Notes
Turn   | Place    | Note
-------+----------+-------------------------------------------
     0 | D        | MisterAzrael the Djinni Fire Elementalist began the quest
                  | for the Orb.
     0 | D        | Reached XP level 1. HP: 15/15 MP: 0/0
     0 | D        | Found a bloodstained altar of Trog.
     0 | D        | Found a sacrificial altar of Ru.
     0 | D        | Found a stormy altar of Qazlal.
     0 | D        | Found an iron altar of Okawaru.
     1 | D        | Found a sparkling altar of Nemelex Xobeh.
     1 | D        | Found a blossoming altar of Fedhas.
     2 | D        | Found the +6 Majin-Bo {vamp, MP+6 Int+6}
     2 | D        | Found the +9 heavy crossbow "Sniper" {vorpal, Acc+∞ SInv}
     2 | D        | Found the +10 dark maul {vorpal}
     2 | D        | Found the +15 Maxwell's patent armour {-Cast -Tele rElec
                  | Will+ rCorr}
     2 | D        | Found the +18 shield of the Gong {rElec rN+ Will+ EV-5}
     2 | D        | Found the +14 obsidian axe {vorpal, Drain Fly SInv}
     2 | D        | Found the +7 great mace "Firestarter" {inner flame, rF++}
     2 | D        | Found the +6 shillelagh "Devastator" {shatter}
     2 | D        | Found the +11 plutonium sword {Contam Stlth-}
     2 | D        | Found the +8 lance "Wyrmbane" {slay drac, rPois rF+ rC+
                  | AC+3}
     2 | D        | Found the +9 sword of Zonguldrok {reap}
     2 | D        | Found the +13 scythe of Curses {drain, Drain}
     2 | D        | Found the +5 sword of Power {vorpal}
     2 | D        | Found the +7 mace of Variability {chain chaos}
     2 | D        | Found the +7 Singing Sword {vorpal, sonic wave}
     2 | D        | Found the +8 storm bow {elec, penet}
     7 | D        | Found a corrupted altar of Lugonu.
     7 | D        | Found a burning altar of Makhleb.
     7 | D        | Found a transporter.
     7 | D        | Found a viscous altar of Jiyva.
     7 | D        | Found a hazy altar of Hepliaklqana.
    19 | D        | Found an opulent altar of Gozag.
    35 | D        | Reached skill level 4 in Maces & Flails
    35 | D        | Reached XP level 2. HP: 25/25 MP: 0/0
    52 | D        | Became a worshipper of Nemelex Xobeh the Trickster
    61 | D        | Entered arena 2.
    61 | D        | Noticed a fire elemental
    61 | D        | Noticed a fire elemental
    61 | D        | Found a transporter.
    66 | D        | Killed a fire elemental
    67 | D        | Reached skill level 5 in Fighting
    67 | D        | Reached skill level 6 in Maces & Flails
    67 | D        | Reached XP level 3. HP: 31/33 MP: 0/0
    67 | D        | Learned a level 1 spell: Sandblast
    67 | D        | Reached XP level 4. HP: 36/39 MP: 0/0
    67 | D        | Reached XP level 5. HP: 40/43 MP: 0/0
    67 | D        | Learned a level 2 spell: Static Discharge
    70 | D        | Killed a fire elemental
    71 | D        | Reached skill level 7 in Maces & Flails
    71 | D        | Reached skill level 5 in Spellcasting
    71 | D        | Reached XP level 6. HP: 36/50 MP: 0/0
   163 | D        | Entered arena 3.
   163 | D        | Noticed a white ugly thing
   163 | D        | Noticed a white ugly thing
   163 | D        | Noticed a raiju
   163 | D        | Reached * piety under Nemelex Xobeh
   163 | D        | Found a transporter.
   166 | D        | Killed a raiju
   167 | D        | Reached skill level 8 in Maces & Flails
   167 | D        | Reached skill level 5 in Invocations
   167 | D        | Reached XP level 7. HP: 23/57 MP: 0/0
   167 | D        | Learned a level 3 spell: Call Canine Familiar
   167 | D        | Slain by a white ugly thing

Illustrated notes

Levels and vault maps discovered:
D:        sprint_v [room_start, room_1, room_2, room_3, room_4, room_5, room_6,
          room_7, room_8, room_9, room_10, room_11, room_12, room_13, room_14,
          room_15, room_16, room_17, room_18, room_19, room_20, room_21,
          room_22, room_23, room_24, room_25, room_26, room_27]

Skill      XL: |  1  2  3  4  5  6 |
---------------+-------------------+-----
Fighting       | 3 5 6 |  6.7
Maces & Flails | 4 6 7 8 |  8.1
Spellcasting   | 3 4 5 |  5.8
Invocations    | 3 4 5 |  5.6
Dodging        | |  2.1
Stealth        | |  1.5

Action                   |  1- 3 |  4- 6 |  7- 9 || total
-------------------------+-------+-------+-------++-------
Melee: Great mace        |     2 |     2 |       ||     4
 Cast: Static Discharge  |       |     2 |       ||     2
Evoke: Wand              |     2 |       |       ||     2
  Use: Potion            |     1 |     2 |     1 ||     4
       Scroll            |     1 |       |       ||     1
Armor: Robe              |     1 |     2 |       ||     3
Dodge: Dodged            |     4 |     2 |       ||     6

Table legend: (Time is in decaauts)
 A = Elapsed time spent in this place.
 B = Non-inter-level travel time spent in this place.
 C = Inter-level travel time spent in this place.
 D = Time resting spent in this place.
 E = Time spent auto-exploring this place.
 F = Levels seen in this place.
 G = Mean time per level.
                   A        B        C        D        E       F      G
               +--------+--------+--------+--------+--------+-----+--------+
         Total |    167 |    167 |      0 |     85 |      0 |   1 |  167.0 |
       Dungeon |    167 |    167 |      0 |     85 |      0 |   1 |  167.0 |
               +--------+--------+--------+--------+--------+-----+--------+

Top non-repeatable levels by time:
       D: 167 daAuts
